 Dungeon Crawl Stone Soup version 0.28.0-53-g5a82cb258f (webtiles) character file.

Game seed: 15626393815956635038

1633 jiml777 the Gusty (level 8, -5/60 HPs)
             Began as a Gnoll Air Elementalist on July 8, 2022.
             Was an Initiate of Ashenzari.
             Slain by an orc warrior
             ... wielding a +0 flail
              (14 damage)
             ... on level 6 of the Dungeon.
             The game lasted 00:43:08 (8176 turns).

jiml777 the Gusty (Gnoll Air Elementalist)          Turns: 8176, Time: 00:43:09

Health: -5/60      AC:  5    Str: 13    XL:     8   Next: 98%
Magic:  2/26       EV: 13    Int: 16    God:    Ashenzari [......]
Gold:   154        SH:  0    Dex: 12    Spells: 6/19 levels left

rFire   . . .      SeeInvis .   u - +6 short sword of Success {venom, rCorr MP+9 Str+4}
rCold   . . .      Faith    .   (no shield)
rNeg    . . .      Spirit   .   q - +0 leather armour "Sublime Sophism" {Evo, Fort} (curse)
rPois   .          Reflect  .   v - +0 helmet
rElec   .          Harm     .   (no cloak)
rCorr   +          Rampage  .   (no gloves)
Will    .....                   s - +0 pair of boots
Stlth   +++.......              n - amulet of the acrobat
HPRegen 0.20/turn               (no ring)
MPRegen 0.20/turn               (no ring)

@: hasted, very quick
A: fangs 1, strong nose, distributed training
a: Renounce Religion, Shatter the Chains


You were on level 6 of the Dungeon.
You worshipped Ashenzari.
Ashenzari was noncommittal.
You visited 2 branches of the dungeon, and saw 7 of its levels.
You also visited: Sewer.

You collected 203 gold pieces.
You spent 49 gold pieces at shops.

Inventory:

Hand Weapons
 r - a +3 short sword of draining
 u - the +6 short sword of Success (weapon) {venom, rCorr MP+9 Str+4}
   (You found it on level 4 of the Dungeon)

   It poisons the flesh of those it strikes.
   Str:       It affects your strength (+4).
   MP:        It affects your magic capacity (+9).
   rCorr:     It protects you from acid and corrosion.
 B - a +3 hand axe
Missiles
 c - 38 arrows
 d - 133 stones
 f - 18 sling bullets
 o - 13 poisoned darts
 t - 31 bolts
 z - a throwing net
Armour
 a - a +0 robe
 q - the cursed +0 leather armour "Sublime Sophism" (worn) {Evo, Fort}
   (You took it off an orc on level 3 of the Dungeon)

   It has a curse which improves the following skills: Evocations: Evocations.
   Fortitude: Armour and Shields.
 s - a +0 pair of boots (worn)
 v - a +0 helmet (worn)
Magical Staves
 i - a staff of fire
Jewellery
 n - an amulet of the acrobat (around neck)
Wands
 y - a wand of flame (7)
Scrolls
 g - a scroll of noise {unknown}
 k - a scroll of fog {unknown}
 m - a scroll of magic mapping {unknown}
 p - 2 scrolls of enchant armour {unknown}
 x - a scroll of teleportation {unknown}
 A - 2 scrolls of fear {unknown}
 C - a scroll of vulnerability {unknown}
Potions
 b - 2 potions of mutation
 e - 3 potions of flight
 h - a potion of curing
 l - a potion of cancellation
 w - a potion of degeneration {unknown}


   Skills:
 + Level 3.7 Fighting
 + Level 3.7 Short Blades
 + Level 3.7 Long Blades
 + Level 3.7 Axes
 + Level 3.7 Maces & Flails
 + Level 3.7 Polearms
 + Level 3.7 Staves
 + Level 3.7 Slings
 + Level 3.7 Bows
 + Level 3.7 Crossbows
 + Level 3.7 Throwing
 + Level 3.7(4.1) Armour
 + Level 6.0 Dodging
 + Level 5.6 Stealth
 + Level 3.7(4.1) Shields
 + Level 3.7 Unarmed Combat
 + Level 6.3 Spellcasting
 + Level 3.8 Conjurations
 + Level 3.0 Hexes
 + Level 3.0 Summonings
 + Level 3.0 Necromancy
 + Level 3.0 Translocations
 + Level 3.0 Transmutations
 + Level 3.0 Fire Magic
 + Level 3.0 Ice Magic
 + Level 6.3 Air Magic
 + Level 3.0 Earth Magic
 + Level 3.0 Poison Magic
 + Level 4.1 Invocations
 + Level 3.7(4.1) Evocations


You had 6 spell levels left.
You knew the following spells:

 Your Spells              Type           Power      Damage    Failure   Level
a - Shock                 Conj/Air       84%        1d8       1%          1
b - Static Discharge      Conj/Air       21%        N/A       3%          2
c - Swiftness             Air            25%        N/A       3%          3
d - Airstrike             Air            12%        N/A       12%         4
e - Poisonous Vapours     Pois/Air       40%        N/A       3%          2
f - Slow                  Hex            56%        N/A       4%          1

Your spell library contained the following spells:

 Spells                   Type           Power      Damage    Failure   Level
 Sting                    Tmut/Pois      56%        1d5       4%          1
 Scorch                   Fire           28%        2d6       7%          2
 Confusing Touch          Hex            14%        N/A       14%         3
 Vampiric Draining        Necr           14%        2d7       14%         3
 Flame Wave               Conj/Fire      16%        2d6       36%         4
 Olgreb's Toxic Radiance  Pois           14%        N/A       43%         4
 Summon Cactus Giant      Summ           7%         N/A       100%        6


Dungeon Overview and Level Annotations

Branches:
Dungeon (6/15)             Temple (1/1) D:5           Sewer (visited)

Altars:
Ashenzari
Dithmenos
Elyvilon
Fedhas
Gozag
Hepliaklqana
Kikubaaqudgha
Makhleb
Nemelex Xobeh
Okawaru
Qazlal
Ru
Sif Muna
Trog
Uskayaw
Vehumet
Xom
Yredelemnul
Zin
The Shining One

Shops:
D:4 [   D:5 *   D:6 :


Innate Abilities, Weirdness & Mutations

You have very sharp teeth.
Your uncanny sense of smell can sniff out nearby items.
Your experience applies equally to all skills.


Message History

Aiming: Airstrike (dangerous; 12% risk of failure)
Press: ? - help, Dir - move target, f/p - orc priest
Aim: an orc priest, wielding a +0 dagger and wearing a +0 leather armour (almost dead, empty space bonus: 1/8)
The air twists around and strikes the orc priest.
You kill the orc priest!
The orc warrior hits you with a +0 flail!
* * * LOW HITPOINT WARNING * * *
Casting: Airstrike (dangerous; 12% risk of failure)
Confirm with . or Enter, or press ? or * to list all spells.
Aiming: Shock (safe; 1% risk of failure)
Press: ? - help, Shift-Dir - straight line The zap hits the orc warrior but does no damage.
The orc warrior is lightly wounded.
The zap hits the orc warrior.
The orc warrior is moderately wounded.
The orc warrior hits you with a +0 flail!
* * * LOW HITPOINT WARNING * * *
You feel much better.
The orc warrior hits you with a +0 flail!
* * * LOW HITPOINT WARNING * * *
Casting: Shock (safe; 1% risk of failure)
Confirm with . or Enter, or press ? or * to list all spells.
Aiming: Airstrike (dangerous; 12% risk of failure)
Press: ? - help, Dir - move target, f - orc warrior
Aim: an orc warrior, wielding a +0 flail and wearing a +0 plate armour (moderately wounded, empty space bonus: 2/8)
The air twists around and strikes the orc warrior but does no damage.
The orc warrior barely misses you.
Unknown command.
Casting: Airstrike (dangerous; 12% risk of failure)
Confirm with . or Enter, or press ? or * to list all spells.
Aiming: Airstrike (dangerous; 12% risk of failure)
Press: ? - help, Dir - move target, f/p - orc warrior
Aim: an orc warrior, wielding a +0 flail and wearing a +0 plate armour (moderately wounded, empty space bonus: 2/8)
The air twists around and strikes the orc warrior.
The orc warrior is moderately wounded.
The orc warrior hits you with a +0 flail!
* * * LOW HITPOINT WARNING * * *
You feel yourself speed up.
The orc warrior hits you with a +0 flail!
You die...

..#...........'................
#.####.#.###.##................
#.# #.#......'........∩.......
#.# #.#.###.##................
#.# #.#.# #)##................
#.# #.#.# #)####'#'#.###......
#.####.#.# #....#)#.#.# ......
#.#<...#.# ####'#o#.#.# ......
..#.##.#.# #....@.#.#.# .....
###.####.###......#.#.# ..... #
#....#...'......#.#.# #
####.#####......#.#.# #
#.#.[........# # #.#.##.......#
# #.#.##.......# #
#.#.##.......#
######.#.##.#+#####


You could see an orc warrior.

Vanquished Creatures
  Grinder (D:5)
  A black bear (D:6)
  2 ogres
  2 necrophages (D:6)
  A phantom (D:6)
  A gnoll sergeant (D:5)
  A kobold brigand (D:4)
  2 scorpions
  A howler monkey (D:6)
  A centaur zombie (D:5)
  A bullfrog skeleton (D:6)
  2 orc priests
  A hound (D:5)
  An iguana (D:5)
  3 orc wizards
  2 killer bee zombies (D:5)
  A hound skeleton (D:4)
  7 gnolls
  6 adders
  7 river rats (Sewer)
  A shadow imp (D:5)
  A worm (D:3)
  2 dart slugs
  21 orcs
  3 bats
  11 endoplasms
  5 giant cockroaches
  7 goblins
  8 hobgoblins
  6 jackals
  8 kobolds
  5 quokkas
  10 ball pythons
  9 frilled lizards
  5 rats
146 creatures vanquished.

Vanquished Creatures (others)
  24 plants
24 creatures vanquished.

Grand Total: 170 creatures vanquished

Notes
Turn   | Place    | Note
-------+----------+-------------------------------------------
     0 | D:1      | jiml777 the Gnoll Air Elementalist began the quest for the
                  | Orb.
     0 | D:1      | Reached XP level 1. HP: 13/13 MP: 6/6
   128 | D:1      | Reached XP level 2. HP: 19/19 MP: 3/7
   733 | D:1      | Reached XP level 3. HP: 25/25 MP: 7/9
   829 | D:1      | Reached skill level 5 in Spellcasting
  1515 | D:2      | You fall into a shaft and drop 1 floor!
  1520 | D:3      | Reached skill level 1 in Invocations
  1587 | D:3      | Reached skill level 1 in Fighting
  1587 | D:3      | Reached skill level 1 in Short Blades
  1587 | D:3      | Reached skill level 1 in Long Blades
  1587 | D:3      | Reached skill level 1 in Axes
  1587 | D:3      | Reached skill level 1 in Maces & Flails
  1587 | D:3      | Reached skill level 1 in Polearms
  1587 | D:3      | Reached skill level 1 in Staves
  1587 | D:3      | Reached skill level 1 in Slings
  1587 | D:3      | Reached skill level 1 in Bows
  1587 | D:3      | Reached skill level 1 in Crossbows
  1587 | D:3      | Reached skill level 1 in Throwing
  1587 | D:3      | Reached skill level 1 in Armour
  1587 | D:3      | Reached skill level 1 in Shields
  1587 | D:3      | Reached skill level 1 in Unarmed Combat
  1587 | D:3      | Reached skill level 1 in Evocations
  1663 | D:3      | Reached XP level 4. HP: 11/32 MP: 9/11
  1937 | D:3      | Found a glowing drain.
  1946 | Sewer    | Entered a sewer
  2111 | Sewer    | Reached skill level 1 in Hexes
  2111 | Sewer    | Reached skill level 1 in Summonings
  2111 | Sewer    | Reached skill level 1 in Necromancy
  2111 | Sewer    | Reached skill level 1 in Translocations
  2111 | Sewer    | Reached skill level 1 in Transmutations
  2111 | Sewer    | Reached skill level 1 in Fire Magic
  2111 | Sewer    | Reached skill level 1 in Ice Magic
  2111 | Sewer    | Reached skill level 1 in Earth Magic
  2111 | Sewer    | Reached skill level 1 in Poison Magic
  2465 | Sewer    | Reached XP level 5. HP: 12/37 MP: 7/12
  3935 | D:3      | Found a sparkling altar of Nemelex Xobeh.
  4534 | D:4      | Noticed a kobold brigand
  4544 | D:4      | Reached XP level 6. HP: 41/44 MP: 4/13
  4561 | D:4      | Reached skill level 5 in Dodging
  4856 | D:4      | Found a glowing silver altar of Zin.
  5118 | D:4      | Learned a level 2 spell: Static Discharge
  5122 | D:4      | Learned a level 3 spell: Swiftness
  5127 | D:4      | Learned a level 4 spell: Airstrike
  5130 | D:4      | Learned a level 2 spell: Poisonous Vapours
  5147 | D:4      | Found Ummucem's Armour Shop.
  5159 | D:4      | Identified the +6 short sword of Success {venom, rCorr MP+9
                  | Str+4}
  5215 | D:4      | Bought a +0 helmet for 49 gold pieces
  5353 | D:4      | Reached XP level 7. HP: 50/50 MP: 15/15
  5685 | D:5      | Entered Level 5 of the Dungeon
  5701 | D:5      | Noticed Grinder
  5742 | D:5      | Paralysed by Grinder for 2 turns
  5747 | D:5      | Killed Grinder
  5748 | D:5      | Reached skill level 5 in Stealth
  5891 | D:5      | Found a staircase to the Ecumenical Temple.
  5932 | Temple   | Entered the Ecumenical Temple
  6174 | Temple   | Became a worshipper of Ashenzari the Shackled
  6231 | D:5      | Reached XP level 8. HP: 14/57 MP: 16/16
  6536 | D:5      | Learned a level 1 spell: Slow
  6688 | D:5      | Found Rimetaas's CLEARANCE SALE!.
  8146 | D:6      | Found Ucaebof's Book Shop.
  8172 | D:6      | HP: 3/60 [orc warrior/+0 flail (13)]
  8176 | D:6      | Slain by an orc warrior

Illustrated notes

Levels and vault maps discovered:
D:1:      dpeg_arrival_shrine, layout_basic
D:2:      layout_basic, shapermc_ecumenical_altar_pompeii
D:3:      corexii_shack_village, layout_loops_cross,
          nemelex_xobeh_ov_fountains_minmay, portal_sewer_entry_d
D:4:      layout_basic, mainiacjoe_overflow_cross_hatched, serial_shops, shop
D:5:      layout_cave_pools, minmay_temple_entry_large_hall,
          nicolae_shop_clearance, uniq_grinder
D:6:      layout_basic, serial_shops, shop
Temple:   hc_temple_tempest_star

Skill      XL: |  1  2  3  4  5  6  7  8 |
---------------+-------------------------+-----
Conjurations   | 2 3 |  3.8
Spellcasting   | 5 6 |  6.3
Invocations    | 1 2 3 4 |  4.1
Fighting       | 1 2 3 |  3.7
Short Blades   | 1 2 3 |  3.7
Long Blades    | 1 2 3 |  3.7
Axes           | 1 2 3 |  3.7
Maces & Flails | 1 2 3 |  3.7
Polearms       | 1 2 3 |  3.7
Staves         | 1 2 3 |  3.7
Slings         | 1 2 3 |  3.7
Bows           | 1 2 3 |  3.7
Crossbows      | 1 2 3 |  3.7
Throwing       | 1 2 3 |  3.7
Armour         | 1 2 3 |  3.7
Shields        | 1 2 3 |  3.7
Unarmed Combat | 1 2 3 |  3.7
Evocations     | 1 2 3 |  3.7
Hexes          | 1 2 3 |  3.0
Summonings     | 1 2 3 |  3.0
Necromancy     | 1 2 3 |  3.0
Translocations | 1 2 3 |  3.0
Transmutations | 1 2 3 |  3.0
Fire Magic     | 1 2 3 |  3.0
Ice Magic      | 1 2 3 |  3.0
Earth Magic    | 1 2 3 |  3.0
Poison Magic   | 1 2 3 |  3.0
Dodging        | 5 6 |  6.0
Stealth        | 5 |  5.6
Air Magic      | 6 |  6.3

Action                   |  1- 3 |  4- 6 |  7- 9 || total
-------------------------+-------+-------+-------++-------
Melee: Dagger            |    46 |   131 |       ||   177
       Bite              |     8 |    24 |    11 ||    43
       Punch             |     1 |     6 |     2 ||     9
       Short sword       |       |    50 |    97 ||   147
 Cast: Shock             |    45 |    79 |    44 ||   168
       Airstrike         |       |       |     7 ||     7
       Swiftness         |       |       |     1 ||     1
Invok: Curse Item        |       |       |     1 ||     1
  Use: Potion            |       |     1 |     4 ||     5
       Scroll            |       |       |     6 ||     6
 Stab: Sleeping          |     3 |     5 |     3 ||    11
       Distracted        |       |       |     1 ||     1
Armor: Robe              |     7 |    17 |       ||    24
       Leather armour    |       |    14 |    32 ||    46
Dodge: Dodged            |    51 |   135 |    98 ||   284
